AoeStats
← Kojikaba

Socotra

505089469Analyzed
2v2 RM · 25d ago on Sep 7, 2026· 26m 28s· 4 players
Game mode
Random Map
Map size
Tiny (2 player)
Population
200
Speed
Normal
Resources
Standard
Victory
Conquest
Starting age
Dark Age
Ending age
Imperial Age
RankedLock teamsTeams togetherTeam positionsShared explorationLock speedFull tech treeHidden civsTurbo modeCheats
Victory
Defeat
🇺🇸 Aztecs · United States
790
+14
🇺🇸 Bulgarians · United States
786
+14
🇩🇪 Sicilians · Germany
791
-43
🇩🇪 Chinese · Germany
684
-12
Toade7
2:25 Loom
5:39 Loom
12:30 Feudal Age
13:56 Wheelbarrow
13:17 Double-Bit Axe
13:26 Gold Mining
14:26 Arson
14:03 Man-at-Arms
15:38 Wheelbarrow
23:29 Castle Age
23:03 Forging
24:07 Scale Mail Armor
pickardit
0:31 Loom
13:06 Feudal Age
13:39 Double-Bit Axe
14:45 Arson
18:36 Scale Mail Armor
18:47 Forging
18:39 Horse Collar
20:31 Wheelbarrow
22:02 Fletching
22:12 Padded Archer Armor
27:05 Castle Age
Kojikaba
13:31 Feudal Age
24:24 Gold Mining
REHBITSCH4
9:37 Feudal Age
24:59 Wheelbarrow
24:10 Town Watch
Connection lost

Rejoining the realm…

Still unreachable

The connection could not be restored.

Session expired

The server has moved on; the page needs a fresh start.